 Dungeon Crawl Stone Soup version 0.26.1-11-gd32895ea62 (webtiles) character file.

Game seed: 15489649246354308533

107 tizbic2 the Magician (level 4, -7/46 HPs)
             Began as a Demonspawn Hedge Wizard on June 26, 2021.
             Killed by divine providence
             ... invoked by an orc priest
              (12 damage)
             ... on level 3 of the Dungeon.
             The game lasted 00:15:01 (2075 turns).

tizbic2 the Magician (Demonspawn Hedge Wizard)      Turns: 2075, Time: 00:15:02

Health: -7/46      AC: 22    Str: 11    XL:     4   Next: 56%
Magic:  3/10       EV:  2    Int: 15    God:
Gold:   151        SH:  0    Dex: 13    Spells: 8/11 levels left

rFire    x . .     SeeInvis .   m - +1 short sword (speed)
rCold    + . .     Faith    .   (no shield)
rNeg     + + +     Spirit   .   (armour currently unavailable)
rPois    +         Reflect  .   (helmet currently unavailable)
rElec    .         Harm     .   (cloak currently unavailable)
rCorr    .         Rampage  .   (gloves currently unavailable)
Will     .....     NoTele   +   (boots currently unavailable)
Stlth    ++........             (no amulet)
HPRegen  0.15/turn              k - ring of ice
MPRegen  0.12/turn              (no ring)

@: tree-form
A: no striking features
a: no special abilities


You were on level 3 of the Dungeon.
You were a tree.
You visited 1 branch of the dungeon, and saw 3 of its levels.

You collected 151 gold pieces.

Inventory:

Hand Weapons
 m - a +1 short sword of speed (weapon)
Missiles
 f - 4 boomerangs
Armour
 b - a +0 robe (melded)
 c - a +1 hat (melded)
Jewellery
 k - a ring of ice (left branch)
Scrolls
 e - a scroll of teleportation
 j - 3 scrolls of remove curse
Potions
 a - 3 potions of attraction {unknown}
 d - a potion of haste {unknown}
 g - a potion of lignification
 h - a potion of brilliance {unknown}
 l - a potion of resistance


   Skills:
 * Level 0.4 Fighting
 * Level 1.2 Short Blades
 + Level 2.5 Dodging
 - Level 1.7 Stealth
 + Level 4.0 Spellcasting
 + Level 1.4 Conjurations
 + Level 1.4 Summonings
 + Level 0.8 Translocations


You had 8 spell levels left.
You knew the following spells:

 Your Spells              Type           Power        Failure   Level
a - Magic Dart            Conj           28%          10%         1
b - Call Imp              Summ           7%           16%         2

Your spell library contained the following spells:

 Spells                   Type           Power        Failure   Level
 Blink                    Tloc           N/A          19%         2
 Slow                     Hex            3%           26%         2
 Conjure Flame            Conj/Fire      5%           36%         3
 Mephitic Cloud           Conj/Pois/Air  4%           41%         3


Dungeon Overview and Level Annotations

Branches:
Dungeon (3/15)

Altars:
Xom

Annotations:
D:3 1 runed translucent door, Crazy Yiuf


Innate Abilities, Weirdness & Mutations

((You are partially covered in slimy green scales. (AC +2)))
((Your flesh is heat resistant. (rF+)))


Message History

The puff of frost hits you! You resist.
* * * LOW HITPOINT WARNING * * *
Your shadow imp hits the orc wizard.
The orc priest hits you.
* * * LOW HITPOINT WARNING * * *
Really quaff the potion of lignification?
You turn into a tree.
Your +1 hat melds into your body.
Your +0 robe melds into your body.
Your roots penetrate the ground.
The orc wizard looks braver for a moment.
Your shadow imp closely misses the orc wizard.
The orc priest barely misses you.
You closely miss the orc wizard.
The orc wizard is severely wounded.
The orc wizard hits you but does no damage.
Your shadow imp hits the orc wizard.
The orc wizard dies!
Your Spellcasting skill increases to level 4!
You closely miss the orc priest.
The orc priest mumbles some strange prayers to Beogh against you.
Beogh smites you!
You die...

♣♣♣♣P.)).....#.#####.#..###
≈# ♣ ♣♣)#))............#..#
≈≈ ♣♣##.........#####.#≈≈#≈
#≈ #..........##
#.#≈≈≈≈≈≈≈≈# ##..........#
#.#≈≈#≈≈≈#≈ ##..#........#
#.##≈≈≈≈≈≈
###.###.####.....#.#
#..≈≈≈≈#≈ .
#..........##)5o##.#
#..###≈≈##≈.
#..###...#)....)♣..#
#....##≈≈...
#.#.#[.########
#...†....... #...#..#
######......# #####..#
#......####.. #.##
#####.###### #.# #........#
#####.# #..##..#.# .....#
#..##..# # #...#
##......#.#


You could see an orc priest and a friendly shadow imp (summoned).

Vanquished Creatures
  A dart slug (D:1)
  An orc (D:3)
  2 bats
  3 giant cockroaches
  5 hobgoblins
  2 kobolds
  2 ball pythons
  2 frilled lizards
  8 goblins
  5 rats
31 creatures vanquished.

Vanquished Creatures (collateral kills)
  An orc wizard (D:3)
  Jessica (D:2)
  3 adders
  2 worms
  A leopard gecko (D:3)
  7 orcs (D:3)
  2 hobgoblins (D:1)
  A kobold (D:1)
  2 rats
20 creatures vanquished.

Vanquished Creatures (others)
  2 fungi (D:3)
2 creatures vanquished.

Grand Total: 53 creatures vanquished

Notes
Turn   | Place    | Note
-------+----------+-------------------------------------------
     0 | D:1      | tizbic2 the Demonspawn Hedge Wizard began the quest for the
                  | Orb.
     0 | D:1      | Reached XP level 1. HP: 13/13 MP: 4/4
   205 | D:1      | Gained mutation: You are partially covered in slimy green
                  | scales. (AC +2) [demonic ancestry]
   205 | D:1      | Reached XP level 2. HP: 11/19 MP: 3/6
   379 | D:1      | Learned a level 2 spell: Call Imp
   969 | D:2      | Found a shimmering altar of Xom.
   969 | D:2      | Found a shimmering altar of Xom.
   970 | D:2      | Found a shimmering altar of Xom.
   971 | D:2      | Found a shimmering altar of Xom.
   995 | D:2      | Gained mutation: Your flesh is heat resistant. (rF+)
                  | [demonic ancestry]
   995 | D:2      | Reached XP level 3. HP: 24/24 MP: 5/8
  1435 | D:2      | Noticed Jessica
  1441 | D:2      | Killed Jessica
  1801 | D:3      | Reached XP level 4. HP: 18/30 MP: 4/9
  1835 | D:3      | Reached skill level 1 in Short Blades
  1926 | D:3      | Found a runed translucent door.
  1927 | D:3      | Noticed Crazy Yiuf
  2075 | D:3      | Reached skill level 4 in Spellcasting
  2075 | D:3      | Killed from afar by an orc priest

Illustrated notes

Levels and vault maps discovered:
D:1:      minmay_arrival_stair_chambers, layout_rooms
D:2:      layout_loops_ring, corner_web_ring, xom_redecorated, uniq_jessica
D:3:      layout_loops_cross, minivault_4, grunt_ministairs_1, okawaru_trees_2,
          uniq_crazy_yiuf_cottage

Skill      XL: |  1  2  3  4 |
---------------+-------------+-----
Dodging        | 2 |  2.5
Short Blades   | 1 |  1.2
Spellcasting   | 4 |  4.0
Fighting       | |  0.4
Stealth        | |  1.7
Conjurations   | |  1.4
Summonings     | |  1.4
Translocations | |  0.8

Action                   |  1- 3 |  4- 6 || total
-------------------------+-------+-------++-------
Melee: Dagger            |   106 |     2 ||   108
       Short sword       |       |    35 ||    35
 Cast: Magic Dart        |    25 |       ||    25
       Call Imp          |    16 |     7 ||    23
  Use: Scroll            |     7 |       ||     7
       Potion            |     1 |     1 ||     2
 Stab: Sleeping          |     2 |       ||     2
Armor: Robe              |    35 |     7 ||    42
       Skin              |       |     1 ||     1
Dodge: Dodged            |    96 |    25 ||   121
